 Dungeon Crawl Stone Soup version 0.21-a0-504-g2eda330 (webtiles) character file.

10796 4thArraOfDagon the Stormcaller (level 11, 0/68 HPs)
             Began as a Barachi Air Elementalist on Nov 25, 2017.
             Was an Elder of Vehumet.
             Succumbed to Sonja's curare-tipped needle
             ... on level 10 of the Dungeon.
             The game lasted 00:32:51 (5359 turns).

4thArraOfDagon the Stormcaller (BaAE)               Turns: 5359, Time: 00:32:52

Health: 0/68       AC:  3    Str:  9    XL:     11   Next: 67%
Magic:  25/25      EV: 12    Int: 20    God:    Vehumet [****..]
Gold:   540        SH:  0    Dex: 12    Spells: 9/30 levels left

rFire    . . .     SeeInvis .   Q - +4 morningstar (freeze)
rCold    + . .     Gourm    .   (no shield)
rNeg     . . .     Faith    .   G - +0 robe {MR+}
rPois    .         Spirit   .   (helmet restricted)
rElec    .         Reflect  .   (no cloak)
rCorr    .         Harm     .   (no gloves)
MR       ++...     Rnd*Rage +   k - +0 pair of boots
Stlth    ++........             F - amulet of magic regeneration
HPRegen  0.21/turn              u - ring of wizardry
MPRegen  0.44/turn              q - ring of protection from cold

@: lethally poisoned (0 -> -76), slowed, very slow
A: +LOS, swims, horns 1, berserk 1, blurry vision 1, magic resistance 1,
slowness 1, strong legs 1
a: Hop, Renounce Religion


You were on level 10 of the Dungeon.
You worshipped Vehumet.
Vehumet was greatly pleased with you.
You were not hungry.

You visited 2 branches of the dungeon, and saw 12 of its levels.
You also visited: Sewer.

You collected 540 gold pieces.

Inventory:

Hand Weapons
 d - a +2 great sword
 f - a +2 dagger of draining
 K - the +0 long sword of Utubew {venom, +Blink}
   (You found it on level 9 of the Dungeon)

   It poisons the flesh of those it strikes.
   It lets you blink.
 Q - a +4 morningstar of freezing (weapon)
 R - the +9 rapier "Xulaak" {pierce, *Rage +Fly Str+5}
   (You found it on level 10 of the Dungeon)

   It inflicts extra damage upon your enemies.
   It affects your strength (+5).
   It lets you fly.
   It may make you go berserk in combat.
Missiles
 y - 3 throwing nets (quivered)
Armour
 a - a +0 robe
 k - a +0 pair of boots (worn)
 m - a +0 helmet
 G - a +0 robe of magic resistance (worn)
Jewellery
 i - an uncursed ring of flight
 q - a ring of protection from cold (right hand)
 u - a ring of wizardry (left hand)
 F - an amulet of magic regeneration (around neck)
 O - an uncursed ring of ice
 P - an uncursed ring of fire
Wands
 E - a wand of paralysis (22)
 H - a wand of flame (17)
 N - a wand of polymorph (12)
Scrolls
 e - 5 scrolls of remove curse {unknown}
 h - 3 scrolls of immolation {unknown}
 j - 3 scrolls of fear {unknown}
 l - 7 scrolls of enchant weapon {unknown}
 n - a scroll of random uselessness
 p - 2 scrolls of enchant armour {unknown}
 r - a scroll of amnesia
 s - 5 scrolls of teleportation {unknown}
 w - 5 scrolls of blinking {unknown}
 A - 2 scrolls of noise {unknown}
 D - 2 scrolls of magic mapping
 S - a scroll of fog {unknown}
Potions
 g - 4 potions of haste {unknown}
 t - 4 potions of cancellation {unknown}
 x - 4 potions of flight
 z - 2 potions of curing
 B - 2 potions of brilliance {unknown}
 C - a potion of heal wounds {unknown}
 I - 2 potions of agility
 J - a potion of invisibility {unknown}
 M - a potion of lignification
Books
 b - a book of Air

   Spells                             Type                      Level
   a - Shock                          Conjuration/Air              1
   b - Swiftness                      Charms/Air                   2
   c - Static Discharge               Conjuration/Air              3
   d - Airstrike                      Air                          4
   e - Lightning Bolt                 Conjuration/Air              5
Comestibles
 c - 7 bread rations
 o - 3 royal jellies
 v - 5 meat rations


   Skills:
 - Level 2.1 Dodging
 - Level 1.7 Stealth
 - Level 10.0 Spellcasting
 - Level 1.1 Conjurations
 * Level 16.0 Air Magic


You had 9 spell levels left.
You knew the following spells:

 Your Spells              Type           Power        Failure   Level  Hunger
a - Shock                 Conj/Air       ####         1%          1    None
b - Static Discharge      Conj/Air       #####...     1%          3    None
c - Airstrike             Air            ######....   1%          4    ##.....
d - Apportation           Tloc           ##....       2%          1    None
e - Lightning Bolt        Conj/Air       #####.....   1%          5    ####...
f - Swiftness             Chrm/Air       #####...     1%          2    None
g - Venom Bolt            Conj/Pois      ##........   16%         5    ####...


Dungeon Overview and Level Annotations

Branches:
Dungeon (11/15)            Temple (1/1) D:6             Orc (0/2) D:10
   Lair: D:8-11

Altars:
Ashenzari
Cheibriados
Dithmenos
Elyvilon
Fedhas
Gozag
Hepliaklqana
Kikubaaqudgha
Makhleb
Nemelex Xobeh
Okawaru
Qazlal
Ru
Sif Muna
Trog
Uskayaw
Vehumet
Wu Jian
Yredelemnul
Zin
The Shining One

Shops:
D:7 %

Annotations:
D:5 Dowan, Duvessa
D:11 Josephine, Sonja


Innate Abilities, Weirdness & Mutations

Shadows flee at your approach. (+LOS)
You can swim through water.
You cover ground slowly.
You can hop short distances.
You have a pair of small horns on your head.
You tend to lose your temper in combat.
Scrolls take you a little longer to read.
You are resistant to hostile enchantments. (MR+)


Message History

You feel as though you will be slow longer.
Sonja shoots a curare-tipped needle.
The curare-tipped needle hits you.
You are more poisoned.
You have difficulty breathing.
You feel as though you will be slow longer.
There is a stone staircase leading up here.
You see here 2 curare-tipped needles.
Unknown command.
* * * LOW HITPOINT WARNING * * *
You feel extremely sick.
Sonja says, "I'm academy-trained, you know."
Sonja shoots a curare-tipped needle.
The curare-tipped needle hits you.
You are more poisoned.
You have difficulty breathing.
* * * LOW HITPOINT WARNING * * *
You feel as though you will be slow longer.
Sonja gestures wildly while chanting.
Sonja blinks!
You climb upwards.
You die...

.................#
.................#
...############..#
...# #..#
...############..#
.................#
.###############.#
.# #[# .# #@#
.###############.#
.................#
.................#
##...............#
#..###########..#
#..# #..# #..#
#..#
##..###########..#


There were no monsters in sight!

Vanquished Creatures
  3 two-headed ogres
  A hornet (D:10)
  Grinder (D:5)
  2 wyverns
  8 yaks (D:10)
  2 wraiths (D:11)
  A hungry ghost (D:10)
  An acid dragon (D:11)
  A water moccasin (D:9)
  7 ice beasts
  A black bear (D:10)
  2 orc warriors
  2 sky beasts
  3 phantoms
  An eye of draining (D:10)
  A necrophage (D:9)
  8 centaurs
  6 ogres
  5 big kobolds
  4 bullfrogs
  A water moccasin skeleton (D:5)
  17 killer bees
  21 wights
  2 howler monkeys
  A crimson imp (D:5)
  2 centaur zombies
  5 hounds
  A jelly (D:10)
  A quasit (D:8)
  3 centaur skeletons
  5 orc priests
  7 orc wizards
  A bullfrog skeleton (D:10)
  An iguana (D:7)
  3 worker ants
  2 hound skeletons
  Robin (D:2)
  13 adders
  3 gnolls (D:4)
  A river rat (Sewer)
  A shadow imp (D:5)
  4 oozes
  4 worms
  2 leopard geckos (D:8)
  12 orcs
  3 ball pythons
  3 giant cockroaches
  11 goblins
  5 hobgoblins
  8 jackals
  2 quokkas
  7 bats
  3 frilled lizards
  25 kobolds
  A quokka skeleton (D:6)
  5 rats
247 creatures vanquished.

Vanquished Creatures (others)
  An orc (D:6)
1 creature vanquished.

Grand Total: 248 creatures vanquished

Notes
Turn   | Place    | Note
-------+----------+-------------------------------------------
     0 | D:1      | 4thArraOfDagon the Barachi Air Elementalist began the quest for the Orb.
     0 | D:1      | Reached XP level 1. HP: 13/13 MP: 3/3
    81 | D:2      | Reached XP level 2. HP: 14/19 MP: 0/5
   179 | D:3      | Noticed an ogre
   251 | D:2      | Reached skill level 4 in Air Magic
   278 | D:2      | Noticed Robin
   297 | D:2      | Reached XP level 3. HP: 19/24 MP: 7/7
   301 | D:2      | Killed Robin
   317 | D:2      | Learned a level 3 spell: Static Discharge
   421 | D:3      | Reached XP level 4. HP: 17/30 MP: 5/8
   493 | D:3      | Learned a level 4 spell: Airstrike
   513 | D:3      | Killed an ogre
   513 | D:3      | Reached skill level 5 in Air Magic
   513 | D:3      | Reached XP level 5. HP: 9/35 MP: 0/10
   639 | D:4      | Noticed an ogre
   648 | D:4      | Killed an ogre
   648 | D:4      | Reached skill level 6 in Air Magic
   738 | D:4      | Reached XP level 6. HP: 22/41 MP: 7/11
   764 | D:5      | Entered Level 5 of the Dungeon
   777 | D:5      | Found a sparkling altar of Nemelex Xobeh.
   889 | D:5      | Noticed Duvessa
   889 | D:5      | Noticed Dowan
  1009 | D:6      | Found an ancient bone altar of Kikubaaqudgha.
  1033 | D:7      | Noticed an ice beast
  1041 | D:7      | Killed an ice beast
  1041 | D:7      | Reached skill level 7 in Air Magic
  1041 | D:7      | Reached XP level 7. HP: 36/46 MP: 1/13
  1058 | D:7      | Found a sacrificial altar of Ru.
  1172 | D:7      | Learned a level 1 spell: Apportation
  1188 | D:7      | Learned a level 5 spell: Lightning Bolt
  1276 | D:6      | Reached skill level 5 in Spellcasting
  1341 | D:5      | Found a glowing drain.
  1347 | Sewer    | Entered a sewer
  1443 | Sewer    | Reached skill level 8 in Air Magic
  1726 | D:6      | Reached XP level 8. HP: 26/52 MP: 6/16
  1751 | D:6      | magipi: god plans?
  1795 | D:6      | Found a staircase to the Ecumenical Temple.
  1805 | Temple   | Entered the Ecumenical Temple
  1884 | Temple   | Became a worshipper of Vehumet
  2088 | D:5      | Reached skill level 9 in Air Magic
  2664 | D:5      | Found a white marble altar of Elyvilon.
  2713 | D:5      | Noticed Grinder
  2721 | D:5      | Killed Grinder
  2843 | D:7      | Reached skill level 10 in Air Magic
  2867 | D:7      | Found Daofy's Food Boutique.
  2871 | D:7      | Found a sacrificial altar of Ru.
  2874 | D:7      | Reached * piety under Vehumet
  2874 | D:7      | Offered knowledge of Freeze by Vehumet.
  2932 | D:7      | Reached XP level 9. HP: 38/57 MP: 14/19
  3069 | D:8      | Found an iron altar of Okawaru.
  3086 | D:8      | Found a glowing silver altar of Zin.
  3110 | D:8      | Reached skill level 11 in Air Magic
  3195 | D:8      | Gained mutation: You are resistant to hostile enchantments. (MR+) [mutagenic meat]
  3196 | D:8      | Gained mutation: Scrolls take you a little longer to read. [mutagenic meat]
  3197 | D:8      | Gained mutation: You have a pair of small horns on your head. [mutagenic meat]
  3198 | D:8      | Gained mutation: You tend to lose your temper in combat. [mutagenic meat]
  3204 | D:8      | Noticed a five-headed hydra
  3229 | D:9      | Offered knowledge of Flame Tongue by Vehumet.
  3250 | D:9      | Reached ** piety under Vehumet
  3405 | D:9      | Reached skill level 12 in Air Magic
  3435 | D:9      | Noticed a two-headed ogre
  3492 | D:9      | Learned a level 2 spell: Swiftness
  3499 | D:9      | Killed a two-headed ogre
  3499 | D:9      | Reached XP level 10. HP: 46/63 MP: 7/22
  3521 | D:9      | Got a crystal long sword
  3522 | D:9      | Identified the +0 long sword of Utubew {venom, +Blink} (You found it on level 9 of the Dungeon)
  3589 | D:8      | Paralysed by a big kobold for 6 turns
  3610 | D:8      | Noticed a two-headed ogre
  3617 | D:8      | Killed a two-headed ogre
  3617 | D:8      | Reached skill level 13 in Air Magic
  3723 | D:8      | Offered knowledge of Searing Ray by Vehumet.
  3990 | D:8      | Reached *** piety under Vehumet
  4210 | D:10     | Entered Level 10 of the Dungeon
  4241 | D:10     | Reached skill level 14 in Air Magic
  4327 | D:10     | Noticed a two-headed ogre
  4331 | D:10     | Killed a two-headed ogre
  4331 | D:10     | Reached XP level 11. HP: 28/68 MP: 8/24
  4394 | D:10     | jacquesderrida: Dagan
  4415 | D:10     | Offered knowledge of Olgreb's Toxic Radiance by Vehumet.
  4415 | D:10     | Reached skill level 10 in Spellcasting
  4588 | D:11     | Reached skill level 15 in Air Magic
  4711 | D:10     | Reached **** piety under Vehumet
  4764 | D:10     | Offered knowledge of Venom Bolt by Vehumet.
  4801 | D:10     | Learned a level 5 spell: Venom Bolt
  4802 | D:10     | Found a staircase to the Orcish Mines.
  4911 | D:10     | Got a dazzling rapier
  4912 | D:10     | Identified the +9 rapier "Xulaak" {pierce, *Rage +Fly Str+5} (You found it on level 10 of the Dungeon)
  5144 | D:11     | Noticed Josephine
  5255 | D:11     | Reached skill level 16 in Air Magic
  5256 | D:11     | Noticed Sonja
  5359 | D:10     | Succumbed to Sonja's curare-tipped needle

Vault maps used:
D:1:      dpeg_arrival_shrine
D:2:      first_bread, interstate_on_off, serial_bayou_lagoon_a, uniq_robin
D:3:      wad_orctagon
D:5:      lemuel_doored_altar, kennysheep_mini, portal_sewer_entry_a,
          uniq_grinder, uniq_duvessa
D:6:      nicolae_overflow_hidden_temple, lemuel_temple_firewalk_b
D:7:      lemuel_crystal_altar, kennysheep_little_box, serial_glass,
          glass_columns_c, glass_columns_a, serial_shops, shop,
          nicolae_ru_great_annihilating_truth, uniq_pikel
D:8:      zin_treasury, old_standard_altar, grunt_ogre_cave
D:10:     orc_0_dummy
D:11:     dpeg_lair_monsters, uniq_josephine, uniq_sonja
Temple:   regret_index_temple_generic_petals
Sewer:    sewer_co_15_rooms

Skill      XL: |  1  2  3  4  5  6  7  8  9 10 11 |
---------------+----------------------------------+-----
Air Magic      | 4 5 6 7 8 10 12 14 16 | 16.0
Spellcasting   | 3 4 5 6 8 9 10 | 10.0
Dodging        | |  2.1
Stealth        | |  1.7
Conjurations   | |  1.1

Action                   |  1- 3 |  4- 6 |  7- 9 | 10-12 || total
-------------------------+-------+-------+-------+-------++-------
Melee: Dagger            |    33 |    13 |    98 |       ||   144
       Great sword       |       |       |    70 |       ||    70
       Headbutt          |       |       |     3 |    17 ||    20
       Long sword        |       |       |       |    80 ||    80
       Morningstar       |       |       |       |    29 ||    29
Throw: Throwing net      |       |       |       |     2 ||     2
 Cast: Shock             |    25 |    30 |    59 |    25 ||   139
       Static Discharge  |       |     1 |     1 |       ||     2
       Airstrike         |       |     5 |    84 |   162 ||   251
       Apportation       |       |       |       |     5 ||     5
 Abil: Hop               |       |     2 |     1 |     3 ||     6
Evoke: Wand              |       |       |     5 |     4 ||     9
  Use: Potion            |       |     3 |     1 |       ||     4
       Scroll            |       |     3 |     2 |     1 ||     6
 Stab: Sleeping          |     1 |     2 |     2 |       ||     5
       Paralysed         |       |       |     5 |       ||     5
  Eat: Chunk             |       |     1 |    19 |    16 ||    36
       Fruit             |       |       |     6 |     4 ||    10
Armor: Robe              |    14 |     1 |    48 |    33 ||    96
Dodge: Dodged            |    31 |    12 |   149 |   156 ||   348
       Rpst.: Great sword |       |       |    29 |       ||    29
       Long sword        |       |       |       |    24 ||    24

Table legend:
 A = Spawn XP
 B = Non-spawn XP
 C = Spawn XP percentage of total XP
 D = Spawn monster count
 E = Non-spawn monster count
 F = Spawn count percentage of total count
 G = Total turns spent on level
                    A         B        C        D         E        F      G
               +---------+---------+-------+---------+---------+-------+---------
         Total |       0 |   15424 |   0.0 |       0 |     247 |   0.0 |  5359
               +---------+---------+-------+---------+---------+-------+---------
           D:1 |       0 |       3 |   0.0 |       0 |       2 |   0.0 |    90
           D:2 |       0 |      78 |   0.0 |       0 |      24 |   0.0 |   403
           D:3 |       0 |     154 |   0.0 |       0 |      15 |   0.0 |   403
           D:4 |       0 |     309 |   0.0 |       0 |       8 |   0.0 |   404
           D:5 |       0 |     635 |   0.0 |       0 |      13 |   0.0 |   518
           D:6 |       0 |     414 |   0.0 |       0 |      10 |   0.0 |   418
           D:7 |       0 |     777 |   0.0 |       0 |      18 |   0.0 |   406
           D:8 |       0 |    2938 |   0.0 |       0 |      51 |   0.0 |   668
           D:9 |       0 |    2702 |   0.0 |       0 |      27 |   0.0 |   515
          D:10 |       0 |    5522 |   0.0 |       0 |      46 |   0.0 |   947
          D:11 |       0 |    1679 |   0.0 |       0 |      15 |   0.0 |   202
         Sewer |       0 |     213 |   0.0 |       0 |      18 |   0.0 |   279
               +---------+---------+-------+---------+---------+-------+---------
